 Dungeon Crawl Stone Soup version 0.31-a0-692-gf03d1854d5 (webtiles) character file.

Game seed: 11916381730551273833

80 qw the Shooter (level 4, 0/28 HPs)
             Began as a Gargoyle Hunter on Sept 6, 2023.
             Slain by Sigmund
             ... wielding a +0 heavy scythe
              (16 damage)
             ... on level 3 of the Dungeon.
             The game lasted 00:00:37 (1345 turns).

qw the Shooter (Gargoyle Hunter)                    Turns: 1345, Time: 00:00:38

Health: 0/28       AC:  8    Str: 21    XL:     4   Next: 39%
Magic:  0/4        EV: 11    Int:  9    God:
Gold:   13         SH:  0    Dex: 15    Spells: 3/3 levels left

rFire   . . .        Y - +0 shortbow
rCold   . . .        (shield currently unavailable)
rNeg    + . .        g - +0 ring mail
rPois   inf          (no helmet)
rElec   +            (no cloak)
rCorr   .            (no gloves)
SInv    .            (no boots)
Will    .....        b - amulet of guardian spirit
Stlth   +            e - +6 ring of strength
HPRegen 0.24/turn    (no ring)
MPRegen 0.09/turn

%: guardian spirit
@: no status effects
A: sickness immunity, AC +3, negative energy resistance 1, electricity
resistance, torment resistance 1, petrification resistance
a: no special abilities


You were on level 3 of the Dungeon.
You visited 1 branch of the dungeon, and saw 3 of its levels.

You collected 73 gold pieces.
You spent 60 gold pieces at shops.


Innate Abilities, Weirdness & Mutations

You are immune to sickness and miasma.
Your stone body is resilient. (AC +3)
You are immune to poison.
You resist negative energy. (rN+)
You are resistant to electric shocks. (rElec)
You are resistant to unholy torment.
You are immune to petrification.


   Skills:
 - Level 3.1 Fighting
 - Level 5.2 Ranged Weapons
 + Level 0.8 Armour
 - Level 1.5 Dodging
 - Level 1.1 Stealth


You had 3 spell levels left.
You didn't know any spells.
Your spell library was empty.

Inventory:

Hand Weapons
 Y - a +0 shortbow (weapon)
Armour
 g - a +0 ring mail (worn)
Jewellery
 b - an amulet of guardian spirit (around neck)
 e - a +6 ring of strength (left hand)
Scrolls
 f - a scroll of torment {unknown}
Potions
 a - a potion of mutation {unknown}
 c - a potion of heal wounds
 d - a potion of attraction {unknown}

Dungeon Overview and Level Annotations

Branches:
Dungeon (3/15)

Altars:

Shops:
D:3 *

Annotations:
D:3 Sigmund


Message History

There is an entrance to Hippoman's General Store here.
1287 ||| SHOPLISTING potion of haste (120 gold, have 73).
You can access your shopping list by pressing '$'.
1287 ||| BUYING potion of heal wounds (60 gold).
c - a potion of heal wounds Thank you for shopping at Hippoman's General Store!
You can access your shopping list by pressing '$'.
A rat comes into view.
You shoot an arrow. The arrow hits the rat.
You kill the rat!
f - a scroll labelled ZEDIVU SUWKECU Sigmund the Dreaded comes into view.
He is wielding a +0 heavy scythe.
Enter note:
Enter note: You shoot an arrow.
The arrow barely misses Sigmund.
You shoot an arrow. The arrow closely misses Sigmund.
Sigmund casts a spell at you. The magic dart hits you.
You shoot an arrow.
The arrow hits Sigmund but does no damage.
You shoot an arrow. The arrow hits Sigmund.
Sigmund is lightly wounded.
Sigmund barely misses you.
You shoot an arrow. The arrow closely misses Sigmund.
You shoot an arrow. The arrow barely misses Sigmund.
Sigmund hits you from afar with a +0 heavy scythe!
You shoot an arrow. The arrow closely misses Sigmund.
You shoot an arrow. The arrow hits Sigmund.
Sigmund is lightly wounded.
Sigmund barely misses you.
You shoot an arrow. The arrow hits Sigmund.
Sigmund is moderately wounded.
You shoot an arrow. The arrow hits Sigmund!
Sigmund is heavily wounded.
Sigmund closely misses you.
You shoot an arrow. The arrow closely misses Sigmund.
Sigmund hits you from afar with a +0 heavy scythe!
Ouch! That really hurt!
You die...
Sigmund begins carving another notch in his scythe.

# #### # ....# # ....# #
#######....# #
#..........# ###
#..........#####
..#######..............#
#..............##......#
############....@......#
# #.###.......# ##
########.# #@......# .#
##.....##.# .........
.###.......#.# ...######
.##...............#
.##.........#.....#
.##...^........##.#
.##..........


You could see Sigmund.

Vanquished Creatures
  3 adders
  2 dart slugs (D:1)
  3 ball pythons
  7 bats
  4 endoplasms
  A giant cockroach (D:2)
  7 goblins
  3 hobgoblins (D:1)
  3 jackals (D:2)
  3 frilled lizards (D:1)
  5 kobolds
  6 rats
47 creatures vanquished.

Notes
Turn   | Place    | Note
-------+----------+-------------------------------------------
     0 | D:1      | qw the Gargoyle Hunter began the quest for the Orb.
     0 | D:1      | Reached XP level 1. HP: 12/12 MP: 1/1
     0 | D:1      | 0 ||| qw: Version: 0.3-a-76-g4403597
     0 | D:1      | 0 ||| qw: Game counter: 104
     0 | D:1      | 0 ||| qw: Melee chars always use a shield: true
     0 | D:1      | 0 ||| qw: God list: Okawaru
     0 | D:1      | 0 ||| qw: Allow faded altars: false
     0 | D:1      | 0 ||| qw: Do Orc after clearing Dungeon:15 true
     0 | D:1      | 0 ||| qw: Do second Lair branch before Depths: true
     0 | D:1      | 0 ||| qw: Lair rune preference: random
     0 | D:1      | 0 ||| qw: Goals: Normal
     0 | D:1      | 0 ||| PLANNING D:1-11
    84 | D:1      | Reached XP level 2. HP: 8/17 MP: 2/2
   402 | D:1      | Reached XP level 3. HP: 19/21 MP: 3/3
   741 | D:1      | 741 ||| READING scroll labelled BIFIGI VINOTS.
   742 | D:1      | 742 ||| READING scroll labelled MEGIYT WONESMU.
   746 | D:1      | 746 ||| READING scroll labelled NYSOWITWOMU.
   747 | D:1      | 747 ||| DROPPING scroll of butterflies.
   791 | D:2      | 791 ||| STAIRDANCE
   795 | D:1      | Reached skill level 5 in Ranged Weapons
   906 | D:2      | Reached skill level 3 in Fighting
   981 | D:2      | Reached XP level 4. HP: 28/28 MP: 4/4
  1247 | D:2      | 1247 ||| UPGRADING to +0 ring mail.
  1257 | D:2      | 1257 ||| DROPPING +0 leather armour.
  1258 | D:2      | 1258 ||| UPGRADING to amulet of guardian spirit.
  1263 | D:2      | 1263 ||| UPGRADING to +6 ring of strength.
  1264 | D:2      | 1264 ||| READING scroll labelled JENGEXZAPEO.
  1272 | D:3      | Found Hippoman's General Store.
  1287 | D:3      | 1287 ||| SHOPLISTING potion of haste (120 gold, have 73).
  1287 | D:3      | 1287 ||| BUYING potion of heal wounds (60 gold).
  1287 | D:3      | Bought a potion of heal wounds for 60 gold pieces
  1334 | D:3      | Noticed Sigmund
  1345 | D:3      | Slain by Sigmund

Levels and vault maps discovered:
D:1:      denvon_arrival_planthouse, layout_loops_ring
D:2:      layout_rooms, minmay_octomino_j4
D:3:      layout_rooms, kennysheep_ying_yang, zin_academy, lemuel_crystal_altar,
          serial_shops, shop, uniq_sigmund

Skill      XL: |  1  2  3 |
---------------+----------+-----
Ranged Weapons | 5 |  5.2
Fighting       | 3 |  3.1
Armour         | |  0.8
Dodging        | |  1.5
Stealth        | |  1.1

Action                     |  1- 3 |  4- 6 || total
---------------------------+-------+-------++-------
   Fire: Shortbow          |    99 |    35 ||   134
    Use: Scroll            |     3 |     1 ||     4
 Armour: Leather armour    |    45 |       ||    45
         Ring mail         |       |     3 ||     3
  Dodge: Dodged            |    34 |     3 ||    37

Table legend:
 A = Non-vault XP
 B = Vault XP
 C = Vault XP percentage of total XP
 D = Non-vault monster count
 E = Vault monster count
 F = Vault count percentage of total count
                 A         B        C        D         E       F
            +---------+---------+-------+---------+---------+-------
      Total |      97 |      18 |  15.7 |      44 |       3 |   6.4
            +---------+---------+-------+---------+---------+-------
        D:1 |      39 |       0 |   0.0 |      22 |       0 |   0.0
        D:2 |      44 |      18 |  29.0 |      20 |       3 |  13.0
        D:3 |      14 |       0 |   0.0 |       2 |       0 |   0.0
            +---------+---------+-------+---------+---------+-------
